 Dungeon Crawl Stone Soup version 0.27.1-33-g824d729ab1 (webtiles) character file.

Game seed: 15886950153075933896

6179 zeram the Summoner (level 10, -3/71 (76) HPs)
             Began as a Gnoll Summoner on Dec 19, 2021.
             Was an Initiate of Gozag.
             Killed from afar by an orc sorcerer (23 damage)
             ... with a bolt of negative energy
             ... on level 9 of the Dungeon.
             The game lasted 00:44:31 (19280 turns).

zeram the Summoner (Gnoll Summoner)                Turns: 19280, Time: 00:44:32

HP:   -3/71 (76)    AC:  9    Str: 10    XL:     10   Next: 91%
MP:   13/21         EV: 16    Int: 18    God:    Gozag
Gold: 1002          SH: 11    Dex: 17    Spells: 10/24 levels left

rFire    + + +     SeeInvis +   B - +7 spear (venom)
rCold    . . .     Faith    .   t - +0 buckler
rNeg     + . .     Spirit   .   a - +0 robe
rPois    .         Reflect  +   A - +1 helmet {SInv}
rElec    +         Harm     .   u - scarf {repulsion}
rCorr    .         Rampage  .   C - +2 pair of gloves {Str+3}
Will     .....                  D - +0 pair of boots of the Hidden Vale {rElec rF+++ Int-4 Dex+4}
Stlth    ++++......             m - amulet of reflection
HPRegen  0.21/turn              f - ring of positive energy
MPRegen  0.17/turn              y - ring "Pekkereo" {Wiz Int+4}

@: drained, repel missiles
A: fangs 1, strong nose, distributed training
a: Renounce Religion, Potion Petition, Call Merchant, Bribe Branch


You were on level 9 of the Dungeon.
You worshipped Gozag.
Gozag was most pleased with you.
You visited 2 branches of the dungeon, and saw 11 of its levels.

You collected 2836 gold pieces.
You spent 1793 gold pieces at shops.
You paid 41 gold pieces to Gozag.

Inventory:

Hand Weapons
 b - a +1 dagger
 l - a +2 vorpal flail
 n - a +3 mace of freezing
 r - a +2 spear
 B - a +7 spear of venom (weapon)
Missiles
 h - 357 stones (quivered)
 s - 5 throwing nets
Armour
 a - a +0 robe (worn)
 p - a +1 pair of gloves
 q - a +0 cloak
 t - a +0 buckler (worn)
 u - a scarf of repulsion (worn)
 A - a +1 helmet of see invisible (worn)
 C - a +2 pair of gloves of strength (worn)
 D - the +0 pair of boots of the Hidden Vale (worn) {rElec rF+++ Int-4 Dex+4}
   (You bought it in a shop on level 6 of the Dungeon)

   Int:       It affects your intelligence (-4).
   Dex:       It affects your dexterity (+4).
   rF:        It renders you almost immune to fire.
   rElec:     It insulates you from electricity.
Jewellery
 f - a ring of positive energy (left hand)
 m - an amulet of reflection (around neck)
 x - a ring of see invisible
 y - the ring "Pekkereo" (right hand) {Wiz Int+4}
   (You found it on level 6 of the Dungeon)

   [ring of wizardry]

   It improves your spell success rate.
   Int:       It affects your intelligence (+4).
 z - a ring of positive energy
 F - an amulet of magic regeneration
Wands
 v - a wand of iceblast (7)
 E - a wand of charming (6)
Scrolls
 c - a scroll of fear
 o - a scroll of amnesia
 G - a scroll of blinking
 H - 5 scrolls of identify
 I - a scroll of enchant armour
 K - 2 scrolls of teleportation
 L - a scroll of silence
 M - a scroll of holy word
 N - 2 scrolls of fog
Potions
 d - 2 potions of lignification
 e - 2 potions of mutation
 g - a potion of flight
 i - 2 potions of brilliance
 j - 3 potions of attraction
 k - a potion of degeneration
 w - 2 potions of curing
Miscellaneous
 J - a piece from Xom's chessboard (15/15)


   Skills:
 + Level 5.7 Fighting
 + Level 5.7 Short Blades
 + Level 5.7 Long Blades
 + Level 5.7 Axes
 + Level 5.7 Maces & Flails
 + Level 5.7 Polearms
 + Level 5.7 Staves
 + Level 5.7 Slings
 + Level 5.7 Bows
 + Level 5.7 Crossbows
 + Level 5.7 Throwing
 + Level 5.7 Armour
 + Level 7.4 Dodging
 + Level 7.1 Stealth
 + Level 5.7 Shields
 + Level 5.7 Unarmed Combat
 + Level 7.7 Spellcasting
 + Level 4.7 Conjurations
 + Level 4.7 Hexes
 + Level 8.6 Summonings
 + Level 4.7 Necromancy
 + Level 4.7 Translocations
 + Level 4.7 Transmutations
 + Level 4.7 Fire Magic
 + Level 4.7 Ice Magic
 + Level 4.7 Air Magic
 + Level 4.7 Earth Magic
 + Level 4.7 Poison Magic
 + Level 6.2 Invocations
 + Level 5.7 Evocations


You had 10 spell levels left.
You knew the following spells:

 Your Spells              Type           Power      Damage    Failure   Level
a - Summon Small Mammal   Summ           100%       N/A       1%          1
b - Call Imp              Summ           38%        N/A       1%          2
c - Call Canine Familiar  Summ           38%        N/A       1%          3
d - Summon Lightning Spi  Summ/Air       31%        N/A       2%          4
e - Dispel Undead         Necr           23%        3d12      6%          4

Your spell library contained the following spells:

 Spells                   Type           Power      Damage    Failure   Level
 Static Discharge         Conj/Air       23%        N/A       1%          2
 Conjure Flame            Conj/Fire      23%        6-21      1%          3
 Ignite Poison            Fire/Tmut/Pois 23%        N/A       1%          3
 Summon Guardian Golem    Hex/Summ       31%        N/A       1%          3
 Petrify                  Tmut/Erth      23%        N/A       6%          4
 Sticky Flame             Conj/Fire      23%        2d4       6%          4
 Freezing Cloud           Conj/Ice/Air   11%        6-21      16%         5
 Metabolic Englaciation   Hex/Ice        11%        N/A       16%         5
 Simulacrum               Ice/Necr       11%        N/A       63%         6
 Statue Form              Tmut/Erth      15%        N/A       63%         6
 Polar Vortex             Ice            11%        N/A       100%        9


Dungeon Overview and Level Annotations

Branches:
Dungeon (10/15)            Temple (0/1) D:5             Orc (1/2) D:9
   Lair: D:8-11

Altars:
Ashenzari
Gozag
Hepliaklqana
Kikubaaqudgha
Nemelex Xobeh
Okawaru
Qazlal
Ru
Sif Muna
Uskayaw
Wu Jian
Xom
Yredelemnul
Zin

Shops:
D:4 (   D:6 [   D:9 *?(

Annotations:
D:3 2 transporters, zeram's ghost, amateur SpHu
D:7 2 transporters, Menkaure
D:8 3 runed translucent doors, JuniperTheExplorer's ghost, amateur MfFi
Orc:1 3 runed translucent doors, hilljack's ghost, journeyman DrCj


Innate Abilities, Weirdness & Mutations

You have very sharp teeth.
Your uncanny sense of smell can sniff out nearby items.
Your experience applies equally to all skills.


Message History

The orc sorcerer casts a spell at you.
You shrug off the repeated paralysis!
Casting: Call Canine Familiar (safe; 1% risk of failure)
Confirm with . or Enter, or press ? or * to list all spells.
A beastly little devil appears in a puff of frigid air.
The orc sorcerer gestures at you while chanting.
You resist with significant effort.
Your hound closely misses the orc sorcerer.
Unknown command.
Your hound bites the orc sorcerer.
Your white imp hits the orc sorcerer but does no damage.
Casting: Call Imp (safe; 1% risk of failure)
Confirm with . or Enter, or press ? or * to list all spells.
A beastly little devil appears in a puff of flame.
Your hound barely misses the orc sorcerer.
Your white imp closely misses the orc sorcerer.
The orc sorcerer hits your white imp with a +0 dagger.
Your hound misses the orc sorcerer.
Your white imp closely misses the orc sorcerer.
Casting: Call Imp (safe; 1% risk of failure)
Confirm with . or Enter, or press ? or * to list all spells.
A beastly little devil appears in a puff of flame.
Your hound bites the orc sorcerer but does no damage.
The orc sorcerer misses your hound.
Your hound bites the orc sorcerer but does no damage.
Your white imp hits the orc sorcerer but does no damage.
You are too injured to fight recklessly!
Unknown command.
You are too injured to fight recklessly!
Reach: B) +7 spear (venom)
Press: ? - help, Dir - move target, f - orc sorcerer
Aim: an orc sorcerer, wielding a +0 dagger and wearing a +0 robe (almost dead, very poisoned, ally target, about 33% to evade your +7 spear of venom)
You reach to attack!
You closely miss the orc sorcerer.
The orc sorcerer is almost dead.
The orc sorcerer casts a spell at you.
The bolt of negative energy hits your white imp.
Your white imp completely resists.
The bolt of negative energy hits you!! You partially resist.
You feel drained.
You die...
Your body crumbles into a pile of gold.

##...............# #..
##................###..
##......................
##.......................
##........................
##.........................
##.........[................
##...........[.....####......
##...........@>.....####......
##..........5.5h....#####......
#............5o.....#####......
#...................#####......
#........).....................
#...........................###
#...........................# #
#...........................###
#..............................


You could see an orc sorcerer (very poisoned, ally target), a friendly hound
(summoned), 2 friendly crimson imps and a friendly white imp (summoned).

Vanquished Creatures
  A boulder beetle (D:7)
  An orc sorcerer (D:9)
  2 trolls
  A hornet (D:8)
  A shadow (D:7)
  A yak (D:9)
  A basilisk (D:6)
  A vampire mosquito (D:6)
  A warg (Orc:1)
  An ice beast (D:7)
  A sky beast (D:7)
  A necrophage (D:4)
  2 centaurs
  3 orc warriors
  A phantom (D:6)
  A lemure (D:7)
  4 bullfrogs
  A scorpion (D:5)
  A gnoll sergeant (D:5)
  A wyvern skeleton (D:7)
  A jelly (D:7)
  A howler monkey (D:8)
  A wight (D:8)
  2 centaur skeletons (D:7)
  A gnoll shaman (D:7)
  2 orc priests
  An iguana (D:4)
  2 orc wizards (D:9)
  A hell rat (D:10)
  2 killer bee zombies
  6 gnolls
  3 adders
  A white imp (D:7)
  An ufetubus (D:6)
  A dart slug (D:4)
  14 orcs
  2 ball pythons (D:3)
  3 bats
  An endoplasm (D:2)
  3 giant cockroaches
  3 goblins
  A hobgoblin (D:2)
  4 jackals (D:3)
  A quokka (D:3)
  4 frilled lizards
  5 kobolds
  3 rats
97 creatures vanquished.

Vanquished Creatures (collateral kills)
  A two-headed ogre (D:9)
  Pikel (D:7)
  A shadow (D:6)
  3 wraiths
  2 yaks (D:9)
  A basilisk (D:6)
  A steam dragon (D:9)
  An acid dragon (D:9)
  2 orc warriors
  2 ogres
  A wolf (D:5)
  A lemure (D:7)
  A kobold brigand (D:7)
  2 bullfrogs
  5 scorpions
  A gnoll sergeant (D:7)
  7 wights
  3 howler monkeys (D:7)
  2 centaur zombies
  3 hounds
  Crazy Yiuf (D:5)
  3 orc priests
  2 gnoll shamans (D:5)
  Terence (D:3)
  2 iguanas
  2 orc wizards
  Natasha (D:3)
  A hound zombie (D:5)
  13 gnolls
  3 adders
  2 shadow imps (D:7)
  2 white imps
  An ufetubus (D:2)
  3 worms
  A dart slug (D:1)
  12 orcs
  5 bats
  3 endoplasms (D:1)
  2 giant cockroaches
  3 goblins
  A hobgoblin (D:1)
  A jackal (D:5)
  4 quokkas
  2 ball pythons
  2 frilled lizards
  11 kobolds
  2 rats
127 creatures vanquished.

Vanquished Creatures (others)
  An orc priest (D:9)
1 creature vanquished.

Grand Total: 225 creatures vanquished

Notes
Turn   | Place    | Note
-------+----------+-------------------------------------------
     0 | D:1      | zeram the Gnoll Summoner began the quest for the Orb.
     0 | D:1      | Reached XP level 1. HP: 13/13 MP: 6/6
   960 | D:1      | Reached XP level 2. HP: 19/19 MP: 4/7
  1020 | D:1      | HP: 1/20 [goblin (3)]
  1033 | D:1      | HP: 1/20 [kobold/stone (1)]
  1751 | D:1      | Learned a level 2 spell: Call Imp
  1771 | D:1      | Found a faded altar of an unknown god.
  2600 | D:2      | Reached XP level 3. HP: 21/25 MP: 9/9
  2658 | D:2      | Reached skill level 5 in Spellcasting
  3068 | D:2      | Learned a level 3 spell: Call Canine Familiar
  3978 | D:2      | Reached skill level 1 in Invocations
  4440 | D:3      | Found an ornate altar of the Wu Jian Council.
  4449 | D:3      | Noticed Terence
  4464 | D:3      | Killed Terence
  4465 | D:3      | Reached skill level 1 in Fighting
  4465 | D:3      | Reached skill level 1 in Short Blades
  4465 | D:3      | Reached skill level 1 in Long Blades
  4465 | D:3      | Reached skill level 1 in Axes
  4465 | D:3      | Reached skill level 1 in Maces & Flails
  4465 | D:3      | Reached skill level 1 in Polearms
  4465 | D:3      | Reached skill level 1 in Staves
  4465 | D:3      | Reached skill level 1 in Slings
  4465 | D:3      | Reached skill level 1 in Bows
  4465 | D:3      | Reached skill level 1 in Crossbows
  4465 | D:3      | Reached skill level 1 in Throwing
  4465 | D:3      | Reached skill level 1 in Armour
  4465 | D:3      | Reached skill level 1 in Shields
  4465 | D:3      | Reached skill level 1 in Unarmed Combat
  4465 | D:3      | Reached skill level 1 in Evocations
  4465 | D:3      | Reached XP level 4. HP: 20/32 MP: 1/11
  5635 | D:3      | Found a transporter.
  5639 | D:3      | Found a transporter.
  5639 | D:3      | Noticed zeram's ghost (amateur SpHu)
  5679 | D:3      | Noticed Natasha
  5690 | D:3      | Killed Natasha
  5691 | D:3      | Reached skill level 1 in Conjurations
  5691 | D:3      | Reached skill level 1 in Hexes
  5691 | D:3      | Reached skill level 1 in Necromancy
  5691 | D:3      | Reached skill level 1 in Translocations
  5691 | D:3      | Reached skill level 1 in Transmutations
  5691 | D:3      | Reached skill level 1 in Fire Magic
  5691 | D:3      | Reached skill level 1 in Ice Magic
  5691 | D:3      | Reached skill level 1 in Air Magic
  5691 | D:3      | Reached skill level 1 in Earth Magic
  5691 | D:3      | Reached skill level 1 in Poison Magic
  6071 | D:3      | Reached XP level 5. HP: 32/37 MP: 7/12
  6451 | D:4      | Found a stormy altar of Qazlal.
  6496 | D:4      | Found Nolil's Antique Weapon Shoppe.
  6541 | D:4      | Found a hide-covered altar of Uskayaw.
  6802 | D:4      | Learned a level 4 spell: Summon Lightning Spire
  6961 | D:4      | Noticed a necrophage
  6973 | D:4      | Killed a necrophage
  6974 | D:4      | Reached XP level 6. HP: 35/44 MP: 0/13
  7180 | D:4      | Found an opulent altar of Gozag.
  7218 | D:4      | Became a worshipper of Gozag Ym Sagoz the Greedy
  7676 | D:5      | Entered Level 5 of the Dungeon
  7981 | D:5      | Reached skill level 5 in Dodging
  8351 | D:5      | Found a shimmering altar of Xom.
  8630 | D:5      | Reached XP level 7. HP: 29/50 MP: 10/15
  8816 | D:5      | Found a staircase to the Ecumenical Temple.
  8848 | D:5      | Found a hazy altar of Hepliaklqana.
  9335 | D:4      | Found an iron altar of Okawaru.
  9666 | D:5      | Found a runed translucent door.
  9667 | D:5      | Noticed Crazy Yiuf
  9929 | D:5      | Reached skill level 5 in Stealth
 10461 | D:5      | Killed Crazy Yiuf
 10663 | D:6      | Found Neacrula's Armour Shop.
 10891 | D:6      | Reached XP level 8. HP: 49/57 MP: 13/16
 11096 | D:6      | Found a shimmering blue altar of Sif Muna.
 11250 | D:6      | Identified the ring "Pekkereo" {Wiz Int+4}
 11401 | D:6      | Found a broken altar of Ashenzari.
 12658 | D:6      | Bought a +1 helmet of see invisible for 231 gold pieces
 12726 | D:7      | Noticed a shadow
 12727 | D:7      | Noticed a wraith
 12727 | D:7      | Noticed a troll
 12727 | D:7      | Noticed a wraith
 12735 | D:7      | Noticed a boulder beetle
 12997 | D:6      | Killed a shadow
 12998 | D:6      | Reached XP level 9. HP: 47/65 MP: 14/18
 13823 | D:7      | Reached skill level 8 in Summonings
 13935 | D:7      | Killed a boulder beetle
 13936 | D:7      | Reached skill level 5 in Invocations
 14135 | D:7      | Noticed Pikel
 14164 | D:7      | Killed Pikel
 14420 | D:7      | Reached XP level 10. HP: 66/73 MP: 14/20
 14637 | D:7      | Found a glowing silver altar of Zin.
 15221 | D:7      | Found a transporter.
 15227 | D:7      | Found a transporter.
 15236 | D:7      | Reached skill level 5 in Fighting
 15236 | D:7      | Reached skill level 5 in Short Blades
 15236 | D:7      | Reached skill level 5 in Long Blades
 15236 | D:7      | Reached skill level 5 in Axes
 15236 | D:7      | Reached skill level 5 in Maces & Flails
 15236 | D:7      | Reached skill level 5 in Polearms
 15236 | D:7      | Reached skill level 5 in Staves
 15236 | D:7      | Reached skill level 5 in Slings
 15236 | D:7      | Reached skill level 5 in Bows
 15236 | D:7      | Reached skill level 5 in Crossbows
 15236 | D:7      | Reached skill level 5 in Throwing
 15236 | D:7      | Reached skill level 5 in Armour
 15236 | D:7      | Reached skill level 5 in Shields
 15236 | D:7      | Reached skill level 5 in Unarmed Combat
 15236 | D:7      | Reached skill level 5 in Evocations
 15251 | D:7      | Found an ancient bone altar of Kikubaaqudgha.
 15324 | D:7      | Found a basalt altar of Yredelemnul.
 15325 | D:7      | Noticed Menkaure
 15350 | D:7      | Identified a scroll of acquirement
 15351 | D:7      | Acquired 1040 gold pieces
 15473 | D:8      | Found a runed translucent gate.
 15473 | D:8      | Found a runed translucent gate.
 15473 | D:8      | Found a runed translucent gate.
 15474 | D:8      | Noticed JuniperTheExplorer's ghost (amateur MfFi)
 15899 | D:8      | Paralysed by a hornet for 1 turns
 16024 | D:8      | Found a sacrificial altar of Ru.
 16832 | D:6      | Bought a +2 pair of gloves of strength for 301 gold pieces
 16832 | D:6      | Bought the +0 pair of boots of the Hidden Vale {rElec rF+++
                  | Int-4 Dex+4} for 749 gold pieces
 17903 | D:9      | Found Molim's General Store.
 17913 | D:9      | Bought a scroll of identify for 26 gold pieces
 17913 | D:9      | Bought a scroll of identify for 26 gold pieces
 17913 | D:9      | Bought a scroll of identify for 26 gold pieces
 17934 | D:9      | Noticed a two-headed ogre
 17943 | D:9      | Killed a two-headed ogre
 18033 | D:9      | Found Gechougi's Magic Scroll Shop.
 18041 | D:9      | Bought a scroll of teleportation for 45 gold pieces
 18041 | D:9      | Bought a scroll of identify for 30 gold pieces
 18041 | D:9      | Bought a scroll of identify for 30 gold pieces
 18041 | D:9      | Bought a scroll of silence for 112 gold pieces
 18041 | D:9      | Bought a scroll of holy word for 112 gold pieces
 18041 | D:9      | Bought a scroll of teleportation for 45 gold pieces
 18041 | D:9      | Bought 2 scrolls of fog for 60 gold pieces
 18127 | D:9      | Found a staircase to the Orcish Mines.
 18515 | D:9      | Found Axuryb's Weapon Emporium.
 18549 | D:10     | Entered Level 10 of the Dungeon
 18552 | D:10     | Found a sparkling altar of Nemelex Xobeh.
 18597 | D:10     | Noticed a death yak
 18602 | D:10     | Noticed a death yak
 18612 | D:10     | Noticed a death yak
 18674 | D:9      | Learned a level 4 spell: Dispel Undead
 18843 | Orc:1    | Entered Level 1 of the Orcish Mines
 18850 | Orc:1    | Noticed an orc sorcerer
 18873 | D:9      | Killed an orc sorcerer
 19072 | Orc:1    | Found a runed translucent gate.
 19072 | Orc:1    | Found a runed translucent gate.
 19072 | Orc:1    | Found a runed translucent gate.
 19077 | Orc:1    | Noticed hilljack's ghost (journeyman DrCj)
 19227 | Orc:1    | Noticed an orc sorcerer
 19229 | Orc:1    | Noticed a sixfirhy
 19242 | Orc:1    | Noticed an orange demon
 19266 | D:9      | Paralysed by an orc sorcerer for 4 turns
 19280 | D:9      | Killed from afar by an orc sorcerer

Illustrated notes

Levels and vault maps discovered:
D:1:      evilmike_arrival_crescent, layout_loops_ring,
          hellmonk_ecumenical_altar_zigzags
D:2:      layout_basic
D:3:      minmay_octagon_keep, layout_loops_corners,
          nicolae_wu_jian_wuxing_cycle, gammafunk_ghost_arena,
          grunt_decor_junction, minivault_23, uniq_terence, uniq_natasha
D:4:      layout_cave_pods, nicolae_overflow_hidden_temple,
          grunt_qazlal_sundering, nicolae_gozag_seed_capital, lemuel_tele_altar,
          serial_shops, nicolae_shop_window_shopping,
          hangedman_abyss_or_decor_stabs
D:5:      layout_cave_pools, xom_butterflies, amcnicky_altar_gilded,
          temple_hall, serial_gnoll_camp, gnoll_camp_mini_hut,
          gnoll_camp_medium_02, gnoll_camp_mini_hut, gnoll_camp_mini_hut,
          nrook_mini_vaults, uniq_crazy_yiuf_cottage
D:6:      layout_basic, nicolae_sif_muna_little_library,
          mainiacjoe_overflow_alcove_4, nicolae_take_the_stairs, st_stairs_14
D:7:      minmay_the_grid_four_pointed_star
          [minmay_the_grid_triangle_9x9_wacky_v,
          minmay_the_grid_triangle_9x9_dagger,
          minmay_the_grid_triangle_9x9_negative_grid,
          minmay_the_grid_triangle_9x9_limited_checkers,
          minmay_the_grid_prize_big_room], layout_loops_corners,
          zin_scriptorium, gammafunk_temple_of_torment, uniq_pikel
D:8:      layout_gridville, mainiacjoe_overflow_small_starburst,
          gammafunk_ghost_nasty_kobolds
D:9:      layout_big_octagon, david_orc_3, serial_shops,
          nicolae_shop_window_shopping, nicolae_shop_trees, kennysheep_mini
D:10:     layout_basic, mainiacjoe_overflow_paths, dpeg_lair_monsters,
          kennysheep_dice
Orc:1:    layout_diamond_mine, serial_shops, shop, gammafunk_ghost_split,
          nicolae_orc_sculptors_studio

Skill      XL: |  1  2  3  4  5  6  7  8  9 10 |
---------------+-------------------------------+-----
Spellcasting   | 5 6 7 |  7.7
Invocations    | 1 2 3 4 5 6 |  6.2
Fighting       | 1 2 3 4 5 |  5.7
Short Blades   | 1 2 3 4 5 |  5.7
Long Blades    | 1 2 3 4 5 |  5.7
Axes           | 1 2 3 4 5 |  5.7
Maces & Flails | 1 2 3 4 5 |  5.7
Polearms       | 1 2 3 4 5 |  5.7
Staves         | 1 2 3 4 5 |  5.7
Slings         | 1 2 3 4 5 |  5.7
Bows           | 1 2 3 4 5 |  5.7
Crossbows      | 1 2 3 4 5 |  5.7
Throwing       | 1 2 3 4 5 |  5.7
Armour         | 1 2 3 4 5 |  5.7
Shields        | 1 2 3 4 5 |  5.7
Unarmed Combat | 1 2 3 4 5 |  5.7
Evocations     | 1 2 3 4 5 |  5.7
Conjurations   | 1 2 3 4 |  4.7
Hexes          | 1 2 3 4 |  4.7
Necromancy     | 1 2 3 4 |  4.7
Translocations | 1 2 3 4 |  4.7
Transmutations | 1 2 3 4 |  4.7
Fire Magic     | 1 2 3 4 |  4.7
Ice Magic      | 1 2 3 4 |  4.7
Air Magic      | 1 2 3 4 |  4.7
Earth Magic    | 1 2 3 4 |  4.7
Poison Magic   | 1 2 3 4 |  4.7
Dodging        | 5 6 7 |  7.4
Stealth        | 5 6 7 |  7.1
Summonings     | 8 |  8.6

Action                   |  1- 3 |  4- 6 |  7- 9 | 10-12 || total
-------------------------+-------+-------+-------+-------++-------
Melee: Unarmed           |    57 |       |       |       ||    57
       Bite              |    17 |    12 |    14 |    11 ||    54
       Dagger            |   140 |    79 |       |       ||   219
       Punch             |     1 |     1 |       |       ||     2
       Flail             |       |    69 |     9 |       ||    78
       Spear             |       |       |   203 |   169 ||   372
Throw: Stone             |     1 |     1 |     1 |       ||     3
 Cast: Summon Small Mamm |    39 |       |       |     1 ||    40
       Call Imp          |    16 |    34 |    99 |    83 ||   232
       Call Canine Famil |     1 |    10 |    30 |    31 ||    72
       Summon Lightning  |       |       |       |    12 ||    12
  Use: Scroll            |     5 |     7 |     5 |     6 ||    23
       Potion            |       |       |    10 |     2 ||    12
 Stab: Sleeping          |     5 |     5 |     4 |     7 ||    21
       Distracted        |     1 |       |     6 |     6 ||    13
Armor: Robe              |    53 |    19 |    31 |    41 ||   144
Dodge: Dodged            |   169 |   131 |   120 |    95 ||   515
       Repelled          |       |       |       |     2 ||     2
Block: Other             |       |    20 |    13 |       ||    33
       Reflection        |       |       |    10 |     2 ||    12
       Buckler           |       |       |    60 |    93 ||   153
